Unix NetHack Version 3.7.0-95 Work-in-progress - last build Jan 1 2024 20:51:50 (6a0ccc5fa2390e420dd2d488a2f9488d2ae3a63b,branch:master). Game began 2024-01-06 14:08:17, ended 2024-01-06 15:23:59. elenmirie, lawful female human Knight ---- --- |..--- --- ---.--- |....| ----------- --.--- --.....-- -. ---..--------.........| |....- ---- |.......--.. --..|.).....----....| --....0 --..| |..--.....- -----..|.------- ---.--|......- |....| |..|--....| --......u.| -----.....[..--....| ------....-- --- |.......@.| |........[......| ---- |......----.-- |......e^.-- --............[.------|..| --...........| --.........-- |...............*.....|..------- ---.|.%).....| |...--....>--- ---- ----.--------.....-----......--..--------.------).....| |))..)..---..|--....| ---...| |.....................| --.....- -----...--.).)...--..----- -..-- |.....*......-----....|-----.|...0 -.....---|..<..*....*.|..--- |...| --.---...)..--- |..----.....|-.*- |....--- ---.)........|....---.--..-- --- |........| --.--...------..-- --..).-- --[.......-----.........| --........-----....--- |....| |...)..-- |...)...%| ---.....-- |..........|.|..%-.-- --..-- |.......| |........| |...-- --..............-...| ---- --..)...| ----....-- --..| ---.--......--....-- --.|.|.| ----- --- -------.------.-- ---- --- --- Elenmirie the Esquire St:16 Dx:10 Co:13 In:8 Wi:16 Ch:18 Lawful Dlvl:5 $:553 HP:0(36) Pw:45(45) AC:1 Xp:5/291 T:6062 Satiated Burdened Latest messages: You fall into a pit! There is a pit here. You see here a green gem. You are still in a pit. You crawl to the edge of the pit. You see here 3 crossbow bolts. The carafe crashes on your head and breaks into shards. The puce potion evaporates. It suddenly gets dark. What do you want to eat? [ghjy or ?*] Never mind. It misses. You are hit. You are hit. You can see again. The Uruk-hai climbs out of the pit. The Uruk-hai wields an orcish short sword! You see here an arrow. You kill the Uruk-hai! There are several objects here. There is an Uruk-hai corpse here; eat it? [ynq] (n) y This Uruk-hai corpse is stringy. Arod picks up an arrow. Arod drops an arrow. Arod picks up an arrow. Arod falls into a pit! You stop eating the Uruk-hai corpse. There is a partly eaten Uruk-hai corpse here; eat it? [ynq] (n) y You resume your meal. You stop eating the Uruk-hai corpse. The Uruk-hai hits! You hit the Uruk-hai! The Uruk-hai hits! You kill the Uruk-hai! Arod climbs out of the pit. There is a partly eaten Uruk-hai corpse here; eat it? [ynq] (n) y You resume your meal. Arod drops an arrow. Arod picks up an arrow. Arod is confused from hunger. You stop eating the Uruk-hai corpse. Arod kicks! Arod bites! Arod kicks! You die... Do you want your possessions identified? [ynq] (y) y Do you want to see your attributes? [ynq] (y) y Do you want an account of creatures vanquished? [ynaq] (y) y Do you want to see your conduct and achievements? [ynq] (y) y Do you want to see the dungeon overview? [ynq] (y) y Inventory: Coins $ - 553 gold pieces Weapons a - the blessed rustproof +1 Excalibur (weapon in right hand) b - an uncursed +1 lance (alternate weapon; not wielded) Armor d - an uncursed +0 helmet (being worn) f - an uncursed +0 pair of leather gloves (being worn) e - a blessed +0 small shield (being worn) P - an uncursed +1 dwarvish cloak (being worn) x - an uncursed +0 elven mithril-coat (being worn) Comestibles g - 9 uncursed apples h - 11 uncursed carrots y - 7 cursed carrots j - an uncursed tripe ration Scrolls L - 2 uncursed scrolls of blank paper T - an uncursed scroll of create monster S - a cursed scroll of create monster A - 2 cursed scrolls of enchant armor n - an uncursed scroll of identify i - 2 uncursed scrolls of light M - an uncursed scroll of scare monster B - a cursed scroll of stinking cloud I - an uncursed scroll of teleportation Spellbooks R - an uncursed spellbook of drain life Potions D - a cursed potion of acid U - an uncursed potion of booze F - a cursed potion of fruit juice E - an uncursed potion of levitation t - an uncursed potion of restore ability k - an uncursed potion of see invisible G - a cursed potion of see invisible J - an uncursed potion of sickness C - a cursed potion of sleeping p - 3 uncursed potions of water O - 2 potions of unholy water Wands Q - an uncursed wand of cancellation (0:7) r - an uncursed wand of magic missile (0:3) W - an uncursed wand of make invisible (0:6) Tools H - an uncursed bag of tricks (0:12) X - an uncursed oil lamp (lit) Elenmirie the Knight's attributes: Background: You were an Esquire, a level 5 female human Knight. You were lawful, on a mission for Lugh who was opposed by Brigit (neutral) and Manannan Mac Lir (chaotic). You were right-handed. You were in the Gnomish Mines, on level 5. You entered the dungeon 6062 turns ago. You had 291 experience points, 29 more were needed to attain level 6. Basics: You had 0 out of 36 hit points. You had all 45 energy points (spell power). Your armor class was 1. Your wallet contained 553 zorkmids. Autopickup was on for '$' plus thrown. Final Characteristics: Your strength was 16 (limit:18/100). Your dexterity was 10 (limit:18). Your constitution was 13 (limit:18). Your intelligence was 8 (limit:18). Your wisdom was 16 (limit:18). Your charisma was 18 (limit:18). Final Status: You were satiated. You were burdened; movement was slightly slowed. You were wielding a long sword. You had basic skill with long sword. Final Attributes: You were piously aligned. Your items were somewhat protected from fire. Your items were somewhat protected from cold. You were shock resistant. You were level-drain resistant. You had automatic searching. You could jump. You were guarded. You are dead. Miscellaneous: You encountered 1 bones level. Total elapsed playing time was 1 hour, 15 minutes and 41 seconds. Major events: Turn 1: elenmirie the lawful female human Knight entered the dungeon 1201: entered the Gnomish Mines 1698: attained the rank of Esquire (level 3) 2603: destroyed elenmirie's ghost, the former Esquire 4522: has been given Excalibur, and now enjoys supreme executive power 6062: killed by a warhorse called Arod Vanquished creatures: a ghost a water demon a brown pudding a housecat a soldier ant a bugbear 2 Uruk-hai a rock mole a fog cloud a yellow light 6 gnome leaders 2 gray oozes a paper golem a giant ant a little dog a kitten 5 dwarves a homunculus 2 kobold shamans 7 hill orcs 5 rothes a rabid rat a centipede an orc zombie a dwarf zombie 2 werejackals 6 iguanas 4 killer bees 4 acid blobs 3 hobbits 3 manes 2 hobgoblins a giant rat a cave spider 4 yellow molds 2 green molds 3 red molds 16 gnomes 4 geckos 3 jackals 2 foxes 2 kobolds 3 goblins a sewer rat 5 grid bugs 3 lichens 6 newts 127 creatures vanquished. No species were genocided or became extinct. Voluntary challenges: You read items or engraved 3 times. You never engraved Elbereth. You never genocided any monsters. You never polymorphed an object. You never changed form. You used no wishes. Achievements: You entered a shop. You entered the Gnomish Mines. You attained the rank of Esquire. The Dungeons of Doom: levels 1 to 7 Level 1: A sink. Level 2: Level 3: An altar. Stairs down to The Gnomish Mines. Level 4: A grave. Level 5: Final resting place for elenmirie-Kni-Hum-Fem-Law, killed by a hill orc. Level 6: Level 7: Oracle of Delphi. The Gnomish Mines: levels 4 to 5 Level 4: Level 5: <- You were here. Final resting place for you, killed by a warhorse called Arod. Game over: ---------- / \ / REST \ / IN \ / PEACE \ / \ | elenmirie | | 553 Au | | killed by a | | warhorse called | | Arod | | | | 2024 | *| * * * | * _________)/\\_//(\/(/\)/\//\/|_)_______ Fare thee well elenmirie the Knight... You died in The Gnomish Mines on dungeon level 5 with 1972 points, and 553 pieces of gold, after 6062 moves. You were level 5 with a maximum of 36 hit points when you died.